[Event "42nd Olympiad Baku 2016 Open"]
[Site "Baku"]
[Date "2016.09.03"]
[Round "2.4"]
[White "Gonzales, Dennis"]
[Black "Lynch, Kemp"]
[Result "0-1"]
[ECO "E00"]
[WhiteElo "1651"]
[BlackElo "1992"]
[Annotator ""]
[PlyCount "88"]
[EventDate "2016.??.??"]
[EventCountry "AZE"]
[SourceTitle "playchess.com"]
[Source "ChessBase"]
[WhiteTeam "PLW"]
[BlackTeam "Barbados"]
[BlackTeamCountry "BAR"]
[TimeControl "40/5400+30:1800+30"]

1. d4 {(00:00)} Nf6 {(00:00)} 2. c4 {(00:00)} e6 {(
00:00)} 3. Bg5 {(00:50)} c5 {(00:19)} 4. Nf3 {(01:55)}
cxd4 {(11:42)} 5. Qxd4 {(08:40)} Nc6 {(00:36)} 6. Qd3 {
(04:20)} Qb6 {(13:42)} 7. Bxf6 {(03:05)} gxf6 {(00:
09)} 8. b3 {(01:16)} Qa5+ {(05:05)} 9. Nbd2 {(04:13)} f5 {
(10:09)} 10. a4 {(11:37)} Bg7 {(05:09)} 11. Rd1 {(
01:29)} Nb4 {(06:51)} 12. Qb1 {(01:43)} O-O {(03:06)} 13.
e3 {(00:45)} d5 {(01:06)} 14. Be2 {(01:47)} dxc4 {(
01:21)} 15. Bxc4 {(00:46)} a6 {(01:13)} 16. O-O {(03:03)}
b5 {(00:17)} 17. axb5 {(10:43)} axb5 {(00:08)} 18. Be2 {
(00:40)} Qb6 {(09:08)} 19. Nd4 {(03:03)} Nd5 {(10:
54)} 20. Rc1 {(07:06)} Bxd4 {(01:02)} 21. exd4 {(01:11)}
Qxd4 {(00:20)} 22. Nf3 {(00:44)} Qb4 {(00:58)} 23. Qb2 {
(06:19)} Ra3 {(03:31)} 24. Nd2 {(02:32)} Bb7 {(03:
39)} 25. Rc2 {(07:23)} Rfa8 {(01:44)} 26. Rfc1 {(02:09)}
Nf4 {(02:05)} 27. Bf1 {(04:55)} Qd6 {(01:02)} 28. Bxb5 {
(02:06)} Ra2 {(03:16)} 29. Qc3 {(02:45)} Qd5 {(01:
01)} 30. Qg3+ {(04:25)} Ng6 {(00:16)} 31. Bc6 {(01:32)}
Bxc6 {(00:44)} 32. Rxc6 {(00:59)} Rxd2 {(00:16)} 33. h3 {
(00:47)} Qd4 {(02:09)} 34. Qe3 {(00:53)} Qxe3 {(00:
26)} 35. fxe3 {(00:01)} Raa2 {(00:15)} 36. g3 {(01:23)}
Rg2+ {(00:11)} 37. Kf1 {(00:19)} Rxg3 {(00:31)} 38. R6c2 {
(00:04)} Ra3 {(01:08)} 39. Rc3 {(00:33)} Rxh3 {(00:
13)} 40. Kg2 {(00:00)} Rh4 {(00:00)} 41. Rc8+ {(02:06)}
Kg7 {(00:26)} 42. Rb8 {(02:32)} Rg4+ {(00:27)} 43. Kf2 {
(03:59)} Ra2+ {(00:21)} 44. Kf1 {(01:01)} Ne5 {(00:
34)} 0-1

[Event "42nd Olympiad Baku 2016 Open"]
[Site "Baku"]
[Date "2016.09.03"]
[Round "2.30"]
[White "Gurbanov, Andrei"]
[Black "Yilmaz, Mustafa"]
[Result "0-1"]
[ECO "D36"]
[WhiteElo "2322"]
[BlackElo "2616"]
[Annotator ""]
[PlyCount "94"]
[EventDate "2016.??.??"]
[EventCountry "AZE"]
[SourceTitle "playchess.com"]
[Source "ChessBase"]
[WhiteTeam "IPCA"]
[BlackTeam "Turkey"]
[WhiteTeamCountry "ISR"]
[BlackTeamCountry "TUR"]
[TimeControl "40/5400+30:1800+30"]

1. d4 {(00:00)} Nf6 {(00:00)} 2. c4 {(00:00)} e6 {(
00:00)} 3. Nf3 {(00:03)} d5 {(00:10)} 4. cxd5 {(01:01)}
exd5 {(02:13)} 5. Nc3 {(00:07)} c6 {(00:13)} 6. Bg5 {
(02:36)} Be7 {(06:45)} 7. Qc2 {(00:27)} g6 {(00:07]
} 8. e4 {(01:00)} dxe4 {(02:10)} 9. Bxf6 {(00:21)} Bxf6 {
(00:05)} 10. Qxe4+ {(00:05)} Qe7 {(00:14)} 11. Bc4 {
(00:15)} Bf5 {(05:03)} 12. Qxe7+ {(00:13)} Kxe7 {(
00:14)} 13. O-O-O {(05:41)} Nd7 {(03:19)} 14. h3 {(02:06)}
h5 {(09:53)} 15. Rhe1+ {(08:30)} Kf8 {(00:10)} 16. Ne4 {
(04:23)} Bxe4 {(08:55)} 17. Rxe4 {(00:07)} Nb6 {(
04:05)} 18. d5 {(10:39)} Rc8 {(07:45)} 19. d6 {(05:39)}
Kg7 {(01:43)} 20. Bb3 {(02:20)} Rhe8 {(13:08)} 21. Re3 {
(10:47)} Rcd8 {(03:05)} 22. g4 {(03:17)} hxg4 {(02:
40)} 23. hxg4 {(01:06)} Kf8 {(00:48)} 24. g5 {(02:27)} Bg7
{(00:42)} 25. Nh4 {(16:34)} Rxe3 {(00:42)} 26. fxe3 {
(00:03)} Rd7 {(05:55)} 27. a4 {(08:13)} Ke8 {(06:
51)} 28. a5 {(03:25)} Nc8 {(00:44)} 29. a6 {(00:11)} b5 {
(02:01)} 30. Nxg6 {(01:38)} fxg6 {(01:41)} 31. Be6 {
(00:03)} Rxd6 {(05:03)} 32. Bxc8 {(00:07)} Bxb2+ {(
00:06)} 33. Kc2 {(00:02)} Rxd1 {(00:22)} 34. Kxd1 {(00:05]
} Ba3 {(01:49)} 35. Bh3 {(00:16)} Be7 {(00:07)} 36. Bg2 {
(00:05)} Kd7 {(00:06)} 37. Be4 {(00:17)} Bxg5 {(00:
09)} 38. Kd2 {(00:10)} Kc7 {(02:54)} 39. Bxg6 {(01:24)}
Kb6 {(00:04)} 40. Be4 {(00:00)} c5 {(00:00)} 41. Bb7 {
(01:35)} c4 {(03:03)} 42. Bc8 {(02:08)} Kc5 {(02:
20)} 43. Bd7 {(00:58)} b4 {(00:41)} 44. Be6 {(00:43)} b3 {
(00:28)} 45. Kc3 {(00:47)} Bf6+ {(00:05)} 46. Kd2 {
(00:02)} Kb4 {(00:07)} 47. Bf5 {(01:44)} c3+ {(00:
08)} 0-1

[Event "42nd Olympiad Baku 2016 Open"]
[Site "Baku"]
[Date "2016.09.03"]
[Round "2.32"]
[White "Hanoeman, Suradj"]
[Black "Abdulaziz, Mahmoud"]
[Result "1/2-1/2"]
[ECO "E90"]
[WhiteElo "2012"]
[BlackElo "2123"]
[Annotator ""]
[PlyCount "85"]
[EventDate "2016.??.??"]
[EventCountry "AZE"]
[SourceTitle "playchess.com"]
[Source "ChessBase"]
[WhiteTeam "Surinam"]
[BlackTeam "Lebanon"]
[WhiteTeamCountry "SUR"]
[BlackTeamCountry "LBN"]
[TimeControl "40/5400+30:1800+30"]

1. d4 {(00:00)} g6 {(00:00)} 2. c4 {(00:00)} Bg7 {(
00:00)} 3. Nc3 {(00:00)} Nf6 {(00:21)} 4. e4 {(00:03)} d6
{(00:01)} 5. Nf3 {(00:05)} O-O {(00:20)} 6. h3 {(
00:04)} c5 {(00:23)} 7. d5 {(00:18)} b5 {(11:06)} 8. cxb5
{(01:45)} a6 {(00:03)} 9. a4 {(00:21)} axb5 {(00:
11)} 10. Bxb5 {(00:11)} Ba6 {(00:24)} 11. Qc2 {(00:24)}
Bxb5 {(03:08)} 12. Nxb5 {(00:20)} Na6 {(00:38)} 13. Bd2 {
(07:10)} Qb6 {(06:03)} 14. O-O {(01:52)} Rfc8 {(01:
10)} 15. Bc3 {(00:52)} c4 {(07:22)} 16. Nfd4 {(05:27)} Nc5
{(00:51)} 17. Nc6 {(02:51)} Qb7 {(11:03)} 18. Na5 {
(08:30)} Qd7 {(23:30)} 19. Nxc4 {(01:39)} Nxa4 {(
01:27)} 20. Rxa4 {(02:20)} Qxb5 {(00:35)} 21. Rb4 {(00:55]
} Qc5 {(06:17)} 22. Qd3 {(08:13)} Nd7 {(04:21)} 23. b3 {
(14:02)} Ra2 {(16:10)} 24. Rb7 {(03:19)} Bxc3 {(00:
36)} 25. Qxc3 {(01:33)} Rc7 {(01:45)} 26. Rxc7 {(03:37)}
Qxc7 {(00:03)} 27. Ra1 {(02:12)} Rxa1+ {(01:20)} 28. Qxa1
{(00:07)} Nc5 {(00:01)} 29. Qa8+ {(05:18)} Kg7 {(
00:07)} 30. Qc6 {(00:35)} Qa7 {(01:04)} 31. e5 {(04:30)}
Nd3 {(01:34)} 32. Qb6 {(02:29)} Qa1+ {(01:22)} 33. Kh2 {
(00:06)} Nxe5 {(00:22)} 34. Qe3 {(00:55)} Nxc4 {(
01:08)} 35. bxc4 {(00:07)} Kf6 {(00:52)} 36. Qf4+ {(00:57]
} Kg7 {(00:01)} 37. Qe3 {(00:19)} Qf6 {(00:51)} 38. Kg3 {
(03:57)} h6 {(00:52)} 39. Qf4 {(02:31)} Qc3+ {(00:
22)} 40. Kh2 {(00:00)} g5 {(00:00)} 41. Qe4 {(00:47)} Qf6
{(12:33)} 42. Kg1 {(03:06)} e6 {(05:47)} 43. Kf1 1/2-1/2

[Event "42nd Olympiad Baku 2016 Open"]
[Site "Baku"]
[Date "2016.09.03"]
[Round "2.4"]
[White "Hardan, Hamid Musallem"]
[Black "Wilson, Brandon"]
[Result "0-1"]
[ECO "B30"]
[WhiteElo "1914"]
[BlackElo "2074"]
[Annotator ""]
[PlyCount "62"]
[EventDate "2016.??.??"]
[EventCountry "AZE"]
[SourceTitle "playchess.com"]
[Source "ChessBase"]
[WhiteTeam "OMA"]
[BlackTeam "Jamaica"]
[BlackTeamCountry "JAM"]
[TimeControl "40/5400+30:1800+30"]

1. e4 {(00:00)} c5 {(00:00)} 2. Nf3 {(00:01)} Nc6 {
(00:00)} 3. c3 {(00:19)} Nf6 {(00:54)} 4. e5 {(01:
47)} Nd5 {(00:12)} 5. d4 {(00:11)} cxd4 {(00:36)} 6. cxd4
{(00:19)} d6 {(00:39)} 7. Bc4 {(01:16)} Nb6 {(02:
54)} 8. Bxf7+ {(04:40)} Kxf7 {(00:20)} 9. Ng5+ {(00:12)}
Kg8 {(02:02)} 10. Qb3+ {(02:00)} d5 {(00:48)} 11. Qf3 {
(00:17)} Qe8 {(00:33)} 12. e6 {(01:15)} Nd8 {(00:
42)} 13. Nc3 {(01:39)} h6 {(04:14)} 14. Nh3 {(00:32)} Bxe6
{(01:20)} 15. O-O {(00:32)} Qf7 {(04:42)} 16. Qe3 {
(00:25)} Nc4 {(02:32)} 17. Qg3 {(07:12)} Bxh3 {(06:
01)} 18. Qxh3 {(00:35)} e6 {(01:10)} 19. Re1 {(00:56)} Bb4
{(02:03)} 20. b3 {(01:28)} Nd6 {(02:39)} 21. a3 {(
00:06)} Bxc3 {(00:43)} 22. Qxc3 {(00:05)} Rc8 {(01:14)}
23. Qb4 {(01:06)} Ne4 {(02:26)} 24. f3 {(01:26)} Rc2 {
(08:38)} 25. Be3 {(02:35)} Qg6 {(05:55)} 26. g4 {(
03:21)} Ng5 {(00:36)} 27. Rf1 {(02:19)} Qf6 {(08:54)} 28.
f4 {(02:29)} Nh3+ {(00:49)} 29. Kh1 {(00:19)} Qg6 {
(01:01)} 30. Rf3 {(01:40)} Qxg4 {(04:02)} 31. Rg3 {
(00:38)} Qe2 0-1

[Event "42nd Olympiad Baku 2016 Open"]
[Site "Baku"]
[Date "2016.09.03"]
[Round "2.13"]
[White "Harper, Ryan"]
[Black "Yee, Soon Wei"]
[Result "1-0"]
[ECO "C41"]
[WhiteElo "2215"]
[BlackElo "2293"]
[Annotator ""]
[PlyCount "155"]
[EventDate "2016.??.??"]
[EventCountry "AZE"]
[SourceTitle "playchess.com"]
[Source "ChessBase"]
[WhiteTeam "TTO"]
[BlackTeam "Brunei"]
[BlackTeamCountry "BRN"]
[TimeControl "40/5400+30:1800+30"]

1. e4 {(00:00)} d6 {(00:12)} 2. d4 {(00:00)} Nf6 {(
00:16)} 3. Nc3 {(00:13)} e5 {(01:16)} 4. Nf3 {(01:59)}
Nbd7 {(00:28)} 5. Bc4 {(01:01)} Be7 {(00:26)} 6. dxe5 {
(04:28)} dxe5 {(00:41)} 7. Qe2 {(00:21)} O-O {(02:
00)} 8. Bd2 {(06:26)} c6 {(01:09)} 9. O-O-O {(02:36)} b5 {
(01:55)} 10. Bd3 {(03:08)} Qc7 {(04:25)} 11. Nh4 {(
08:10)} Nc5 {(16:21)} 12. Nf5 {(02:13)} Bxf5 {(03:56)} 13.
exf5 {(00:11)} Rad8 {(11:59)} 14. Rhe1 {(15:44)} Rfe8 {
(27:34)} 15. Kb1 {(17:15)} Nxd3 {(07:20)} 16. cxd3 {
(00:14)} Qd7 {(01:27)} 17. Qf3 {(10:33)} b4 {(04:
33)} 18. Na4 {(01:37)} Qd5 {(04:14)} 19. Qxd5 {(01:29)}
Rxd5 {(00:13)} 20. h3 {(08:04)} Red8 {(02:22)} 21. Kc2 {
(02:04)} h6 {(04:39)} 22. Be3 {(01:35)} R8d7 {(00:
41)} 23. b3 {(00:49)} Ne8 {(00:52)} 24. d4 {(05:31)} e4 {
(02:01)} 25. Bf4 {(06:01)} Rxd4 {(00:22)} 26. Rxd4 {
(00:10)} Rxd4 {(00:04)} 27. Be5 {(00:16)} Rd5 {(01:
15)} 28. Rxe4 {(00:13)} Kf8 {(00:33)} 29. g4 {(00:41)} Nf6
{(00:45)} 30. Bxf6 {(00:51)} gxf6 {(00:11)} 31. Nb2 {
(00:21)} Bd6 {(00:43)} 32. Nc4 {(00:32)} Bc5 {(00:
20)} 33. f3 {(00:28)} Bf2 {(00:30)} 34. Nb2 {(00:25)} Bc5
{(00:26)} 35. Nd3 {(00:03)} a5 {(00:30)} 36. Rc4 {(
00:02)} Be3 {(00:39)} 37. Rxc6 {(00:06)} Kg7 {(00:17)} 38.
Rc4 {(01:05)} h5 {(00:26)} 39. Re4 {(00:47)} Bh6 {(
00:27)} 40. Rc4 {(00:00)} Be3 {(00:00)} 41. Re4 {(02:27)}
Bh6 {(04:11)} 42. f4 {(00:07)} Rd7 {(01:17)} 43. Kd2 {
(01:36)} Kg8 {(03:10)} 44. Ke3 {(02:28)} Bf8 {(01:
04)} 45. Rd4 {(01:41)} Re7+ {(02:34)} 46. Kf3 {(00:07)}
Rc7 {(03:50)} 47. Rd5 {(01:03)} Ra7 {(01:03)} 48. Rd8 {
(02:31)} Kg7 {(00:51)} 49. Nf2 {(01:01)} a4 {(01:
15)} 50. Ne4 {(00:19)} axb3 {(00:21)} 51. axb3 {(00:08)}
Ra3 {(02:05)} 52. Rd3 {(00:39)} hxg4+ {(01:51)} 53. hxg4 {
(00:06)} Ra1 {(00:25)} 54. g5 {(02:48)} Rf1+ {(02:
48)} 55. Kg4 {(00:53)} fxg5 {(03:25)} 56. fxg5 {(01:42)}
Re1 {(02:22)} 57. Kf4 {(02:08)} Rf1+ {(00:48)} 58. Ke5 {
(00:32)} Re1 {(00:31)} 59. Rd7 {(06:02)} Kg8 {(00:
09)} 60. Rd8 {(01:40)} Kg7 {(04:16)} 61. f6+ {(03:46)} Kg8
{(00:11)} 62. Kf4 {(00:19)} Rf1+ {(01:00)} 63. Kg4 {
(00:07)} Rg1+ {(01:41)} 64. Ng3 {(00:07)} Rg2 {(01:
04)} 65. Kf3 {(00:11)} Rg1 {(01:03)} 66. Kf2 {(00:10)} Rc1
{(00:21)} 67. Nf5 {(01:32)} Rc5 {(00:13)} 68. Ne7+ {
(00:23)} Kh7 {(00:13)} 69. Nd5 {(00:24)} Kg6 {(01:
11)} 70. Ke3 {(00:22)} Ra5 {(00:29)} 71. Ke4 {(00:12)} Bc5
{(00:44)} 72. Rg8+ {(00:15)} Kh5 {(00:13)} 73. Nf4+ {
(02:38)} Kh4 {(00:49)} 74. g6 {(00:34)} fxg6 {(00:
14)} 75. Rxg6 {(02:39)} Bd6 {(00:09)} 76. f7 {(00:16)}
Re5+ {(00:25)} 77. Kf3 {(00:07)} Rf5 {(01:14)} 78. Rg4# {
(00:04)} 1-0

[Event "42nd Olympiad Baku 2016 Open"]
[Site "Baku"]
[Date "2016.09.03"]
[Round "2.13"]
[White "Hasford, John Kojo"]
[Black "Mohtaat, Homayoun"]
[Result "1-0"]
[ECO "D45"]
[WhiteElo "1970"]
[BlackElo "1655"]
[Annotator ""]
[PlyCount "61"]
[EventDate "2016.??.??"]
[EventCountry "AZE"]
[SourceTitle "playchess.com"]
[Source "ChessBase"]
[WhiteTeam "Ghana"]
[BlackTeam "Afghanistan"]
[WhiteTeamCountry "GHA"]
[BlackTeamCountry "AFG"]
[TimeControl "40/5400+30:1800+30"]

1. d4 {(00:00)} d5 {(00:00)} 2. Nf3 {(00:00)} Nf6 {
(00:00)} 3. c4 {(00:12)} c6 {(00:01)} 4. Nc3 {(00:
19)} e6 {(00:06)} 5. e3 {(00:43)} Bd6 {(00:15)} 6. Bd3 {
(00:33)} dxc4 {(00:15)} 7. Bxc4 {(00:18)} b5 {(00:
17)} 8. Bd3 {(01:16)} Nbd7 {(00:11)} 9. O-O {(00:25)} a6 {
(01:41)} 10. e4 {(02:34)} e5 {(03:33)} 11. Bg5 {(
00:57)} O-O {(01:28)} 12. Rc1 {(00:47)} Bb7 {(01:50)} 13.
Re1 {(02:44)} Qe7 {(04:38)} 14. Bb1 {(05:06)} Rfd8 {
(02:01)} 15. Qe2 {(00:26)} Rac8 {(00:57)} 16. Kh1 {
(03:02)} Re8 {(04:03)} 17. dxe5 {(01:22)} Nxe5 {(
03:32)} 18. Nxe5 {(00:32)} Bxe5 {(06:37)} 19. f4 {(00:09)}
Bxc3 {(00:37)} 20. Rxc3 {(00:06)} h6 {(00:18)} 21. Bh4 {
(01:22)} Qe6 {(02:38)} 22. f5 {(02:08)} Qe5 {(04:
39)} 23. Bg3 {(02:14)} Qe7 {(01:00)} 24. e5 {(04:01)} Nd5
{(01:29)} 25. Rcc1 {(02:19)} c5 {(03:11)} 26. f6 {(
04:49)} Qf8 {(13:01)} 27. Qg4 {(03:44)} Rc6 {(10:19)} 28.
fxg7 {(05:55)} Qxg7 {(00:11)} 29. Qd7 {(00:13)} Re7 {
(04:01)} 30. Qd8+ {(01:13)} Qf8 {(00:20)} 31. Qxd5 {
(00:11)} 1-0

[Event "42nd Olympiad Baku 2016 Open"]
[Site "Baku"]
[Date "2016.09.03"]
[Round "2.17"]
[White "Hernandez Guerrero, Gilberto"]
[Black "Ayyad, Husain"]
[Result "0-1"]
[ECO "A45"]
[WhiteElo "2506"]
[BlackElo "2176"]
[Annotator ""]
[PlyCount "100"]
[EventDate "2016.??.??"]
[EventCountry "AZE"]
[SourceTitle "playchess.com"]
[Source "ChessBase"]
[WhiteTeam "Mexico"]
[BlackTeam "Brunei"]
[WhiteTeamCountry "MEX"]
[BlackTeamCountry "BRN"]
[TimeControl "40/5400+30:1800+30"]

1. d4 {(00:00)} Nf6 {(00:00)} 2. Bg5 {(00:00)} c6 {
(02:19)} 3. Bxf6 {(01:02)} exf6 {(00:03)} 4. c4 {(
01:55)} d5 {(00:19)} 5. cxd5 {(01:57)} Qxd5 {(01:07)} 6.
Nc3 {(00:14)} Qd8 {(05:06)} 7. e3 {(00:55)} Bd6 {(
00:05)} 8. Bd3 {(05:35)} O-O {(00:24)} 9. Qc2 {(00:27)} h6
{(01:03)} 10. Nge2 {(04:41)} Qe7 {(13:45)} 11. O-O {
(01:13)} Rd8 {(08:23)} 12. Ng3 {(06:17)} g6 {(15:
08)} 13. Rae1 {(02:41)} Bxg3 {(05:27)} 14. fxg3 {(03:53)}
Kg7 {(02:16)} 15. Qf2 {(06:15)} b6 {(09:59)} 16. Ne4 {
(11:21)} Bf5 {(18:20)} 17. g4 {(09:59)} Bxe4 {(01:
03)} 18. Bxe4 {(00:03)} Rd6 {(00:42)} 19. Bc2 {(00:19)} c5
{(01:55)} 20. Qf3 {(14:54)} Nc6 {(01:03)} 21. Be4 {
(02:36)} Rc8 {(00:10)} 22. Bxc6 {(00:58)} Rcxc6 {(
00:21)} 23. d5 {(00:07)} Rc8 {(00:32)} 24. e4 {(00:15)}
Qe5 {(00:10)} 25. Qc3 {(01:58)} Re8 {(01:47)} 26. a4 {
(02:45)} Rd7 {(02:43)} 27. Qxe5 {(05:58)} Rxe5 {(
00:15)} 28. Kf2 {(00:32)} h5 {(03:25)} 29. h3 {(02:00)}
hxg4 {(00:05)} 30. hxg4 {(00:04)} Kh6 {(00:25)} 31. Kf3 {
(04:31)} Kg5 {(00:12)} 32. Re3 {(00:07)} Rde7 {(02:
12)} 33. d6 {(02:41)} Rd7 {(00:29)} 34. Rd1 {(00:11)} f5 {
(01:00)} 35. exf5 {(04:53)} Rxe3+ {(00:38)} 36. Kxe3 {
(00:04)} gxf5 {(00:21)} 37. Rd5 {(00:31)} Kxg4 {(
00:13)} 38. b3 {(00:44)} Kg5 {(00:57)} 39. Kd3 {(03:42)}
Kf6 {(00:20)} 40. Kc4 {(00:00)} Ke6 {(00:00)} 41. Rd3 {
(00:19)} f4 {(00:35)} 42. Kb5 {(03:31)} Rxd6 {(03:
09)} 43. Rxd6+ {(01:18)} Kxd6 {(00:06)} 44. Ka6 {(00:05)}
Kc6 {(00:02)} 45. Kxa7 {(00:13)} b5 {(00:13)} 46. axb5+ {
(00:08)} Kxb5 {(00:08)} 47. Kb7 {(00:06)} f5 {(01:
03)} 48. Kc7 {(00:09)} f3 {(02:39)} 49. gxf3 {(00:06)} f4
{(00:01)} 50. Kd6 {(00:49)} Kb4 {(00:15)} 0-1

[Event "42nd Olympiad Baku 2016 Open"]
[Site "Baku"]
[Date "2016.09.03"]
[Round "2.14"]
[White "Hj, Azahari Md Aliuddin"]
[Black "Cupid, Kevin"]
[Result "1/2-1/2"]
[ECO "B17"]
[WhiteElo "2004"]
[BlackElo "2166"]
[Annotator ""]
[PlyCount "119"]
[EventDate "2016.??.??"]
[EventCountry "AZE"]
[SourceTitle "playchess.com"]
[Source "ChessBase"]
[WhiteTeam "Brunei"]
[BlackTeam "TTO"]
[WhiteTeamCountry "BRN"]
[TimeControl "40/5400+30:1800+30"]

1. e4 {(00:00)} c6 {(00:00)} 2. d4 {(00:00)} d5 {(
00:00)} 3. Nc3 {(00:22)} dxe4 {(00:00)} 4. Nxe4 {(00:12)}
Nd7 {(00:00)} 5. Nf3 {(03:54)} Ngf6 {(00:00)} 6. Nxf6+ {
(04:28)} Nxf6 {(00:00)} 7. c3 {(01:25)} Bf5 {(02:
34)} 8. Bd3 {(09:26)} Bxd3 {(01:24)} 9. Qxd3 {(00:08)} e6
{(00:01)} 10. O-O {(05:26)} Be7 {(01:09)} 11. Re1 {
(05:20)} O-O {(00:28)} 12. Qe2 {(06:03)} Re8 {(01:
06)} 13. Bf4 {(08:53)} Qa5 {(01:53)} 14. Ne5 {(02:44)}
Rad8 {(00:09)} 15. a4 {(05:25)} Qd5 {(27:34)} 16. a5 {
(08:46)} Nd7 {(11:11)} 17. a6 {(10:56)} Nxe5 {(01:
12)} 18. Bxe5 {(00:26)} b6 {(06:35)} 19. c4 {(05:18)} Qd7
{(01:05)} 20. Red1 {(04:12)} f6 {(03:39)} 21. Bf4 {
(01:53)} Bd6 {(03:59)} 22. Bxd6 {(02:44)} Qxd6 {(
00:02)} 23. Qf3 {(01:12)} Rc8 {(02:14)} 24. Qc3 {(04:50)}
Qf4 {(01:02)} 25. Qe3 {(01:11)} Qf5 {(01:12)} 26. b4 {
(01:18)} Rcd8 {(00:13)} 27. Qb3 {(02:26)} Rd7 {(00:
46)} 28. Qa4 {(01:02)} b5 {(02:39)} 29. Qb3 {(02:11)} Red8
{(00:24)} 30. Qc3 {(01:18)} Qe4 {(01:32)} 31. f3 {(
00:43)} Qf4 {(00:48)} 32. cxb5 {(00:34)} cxb5 {(00:05)}
33. Qc6 {(00:16)} Rxd4 {(01:02)} 34. Qxe6+ {(00:23)} Kh8 {
(00:01)} 35. Re1 {(00:18)} h5 {(01:40)} 36. Qf7 {(
01:04)} Qg5 {(00:48)} 37. Ra2 {(00:30)} Rd1 {(00:34)} 38.
Qe7 {(00:50)} Rxe1+ {(02:25)} 39. Qxe1 {(00:07)} Rc8 {
(00:07)} 40. Ra1 {(00:00)} Rc4 {(00:00)} 41. Rd1 {(
02:21)} Kh7 {(05:06)} 42. Qd2 {(04:24)} Qg6 {(04:47)} 43.
Qd3 {(03:36)} f5 {(04:12)} 44. Qd6 {(01:32)} Qg5 {(
06:56)} 45. Qd2 {(01:32)} Qf6 {(03:56)} 46. Qd6 {(03:41)}
Qc3 {(01:53)} 47. Qd3 {(01:22)} Qe5 {(00:29)} 48. Qd5 {
(04:36)} Qe3+ {(01:06)} 49. Kh1 {(01:47)} Qg5 {(06:
10)} 50. Qxb5 {(03:05)} Rc2 {(00:03)} 51. Qf1 {(00:10)} h4
{(00:38)} 52. h3 {(00:31)} Qg6 {(09:49)} 53. b5 {(
01:32)} Ra2 {(01:44)} 54. Ra1 {(04:07)} Rb2 {(04:21)} 55.
Rb1 {(00:18)} Ra2 {(00:03)} 56. Ra1 {(00:41)} Rb2 {
(01:06)} 57. Rb1 {(03:30)} Ra2 {(00:46)} 58. Ra1 {(
01:06)} Rb2 59. Rb1 Ra2 60. b6 1/2-1/2

[Event "42nd Olympiad Baku 2016 Open"]
[Site "Baku"]
[Date "2016.09.03"]
[Round "2.10"]
[White "Ho Hou-Meng, Herman"]
[Black "Rowe, Peter"]
[Result "1-0"]
[ECO "B07"]
[WhiteElo "1908"]
[BlackElo "1966"]
[Annotator ""]
[PlyCount "75"]
[EventDate "2016.??.??"]
[EventCountry "AZE"]
[SourceTitle "playchess.com"]
[Source "ChessBase"]
[WhiteTeam "MAC"]
[BlackTeam "GCI"]
[BlackTeamCountry "GCI"]
[TimeControl "40/5400+30:1800+30"]

1. d4 d6 2. e4 Nf6 3. Nc3 Nbd7 4. f4 e5 5. Nf3 exd4 6. Qxd4 c6 7. Be3 d5 8.
exd5 Bc5 9. Qd3 Qe7 10. Kd2 {(43:35)} Bb4 {(38:11)} 11. Re1 {
(08:06)} Ne4+ {(02:20)} 12. Kd1 {(04:18)} Ndf6 {(
13:10)} 13. Nxe4 {(14:03)} Nxe4 {(12:31)} 14. c3 {(09:34)}
Bd6 {(11:02)} 15. Kc1 {(10:06)} O-O {(03:31)} 16. dxc6 {
(02:40)} bxc6 {(06:36)} 17. Ne5 {(01:52)} Bf5 {(02:
42)} 18. Nxc6 {(00:28)} Qf6 {(04:01)} 19. Nd4 {(01:06)}
Ng3 {(01:31)} 20. Nxf5 {(00:24)} Nxf5 {(00:09)} 21. g3 {
(00:31)} Rad8 {(01:12)} 22. Bh3 {(00:22)} Nxe3 {(
01:15)} 23. Qxe3 {(00:13)} Qh6 {(00:27)} 24. Bf5 {(00:42)}
g6 {(00:48)} 25. Bc2 {(00:21)} a5 {(00:44)} 26. f5 {
(00:45)} Qh3 {(01:16)} 27. fxg6 {(00:24)} hxg6 {(
00:23)} 28. Bb3 {(01:03)} Qd7 {(00:50)} 29. Qg5 {(00:44)}
Kg7 {(00:19)} 30. Qxa5 {(00:17)} Qg4 {(01:20)} 31. Qa7 {
(00:53)} Bb8 {(00:34)} 32. Qf2 {(00:37)} Rd7 {(00:
22)} 33. Rhf1 {(00:14)} Qg5+ {(00:34)} 34. Qe3 {(00:20)}
Qh5 {(00:22)} 35. Re2 {(00:32)} Qb5 {(00:42)} 36. Ref2 {
(00:26)} Ba7 {(00:17)} 37. Qe2 {(00:53)} Bxf2 {(00:
07)} 38. Qxb5 {(00:16)} 1-0

[Event "42nd Olympiad Baku 2016 Open"]
[Site "Baku"]
[Date "2016.09.03"]
[Round "2.19"]
[White "Hodgson, Norman"]
[Black "Ben Ammar, Mohamed"]
[Result "0-1"]
[ECO "A00"]
[WhiteElo "1831"]
[BlackElo "1929"]
[Annotator ""]
[PlyCount "84"]
[EventDate "2016.??.??"]
[EventCountry "AZE"]
[SourceTitle "playchess.com"]
[Source "ChessBase"]
[WhiteTeam "Netherlands Antilles"]
[BlackTeam "Tunisia"]
[WhiteTeamCountry "AHO"]
[BlackTeamCountry "TUN"]
[TimeControl "40/5400+30:1800+30"]

1. c3 {(00:00)} Nf6 {(00:13)} 2. e3 {(00:12)} g6 {(
02:05)} 3. Nf3 {(00:09)} Bg7 {(00:06)} 4. Be2 {(00:22)} d6
{(02:28)} 5. O-O {(00:45)} O-O {(00:07)} 6. d4 {(
01:32)} Nbd7 {(00:42)} 7. Nbd2 {(01:02)} e5 {(01:30)} 8.
dxe5 {(02:35)} dxe5 {(01:08)} 9. Qc2 {(07:42)} Qe7 {
(01:16)} 10. e4 {(01:51)} b6 {(03:14)} 11. Nb3 {(
17:17)} Bb7 {(02:46)} 12. Bd3 {(01:27)} h6 {(12:46)} 13.
h3 {(00:53)} a5 {(07:04)} 14. a4 {(00:56)} Qe6 {(
02:04)} 15. Be3 {(01:11)} Rad8 {(17:44)} 16. Nbd2 {(06:45]
} Nh5 {(01:00)} 17. Nh4 {(14:41)} Qe7 {(01:39)} 18. Ndf3 {
(05:21)} Nc5 {(17:29)} 19. Bxc5 {(02:04)} Qxc5 {(
01:56)} 20. Rad1 {(16:18)} Nf4 {(01:39)} 21. Rfe1 {(02:03]
} Bc6 {(07:54)} 22. b3 {(01:04)} Rd7 {(04:14)} 23. Bf1 {
(01:12)} Rfd8 {(00:22)} 24. Rxd7 {(00:12)} Rxd7 {(
00:09)} 25. g3 {(00:37)} Ne6 {(00:18)} 26. Bc4 {(00:26)}
Qe7 {(01:39)} 27. Kh2 {(01:50)} Kh8 {(02:06)} 28. Re3 {
(02:07)} Nc5 {(01:56)} 29. Kg2 {(03:15)} Kh7 {(00:
34)} 30. Kh2 {(00:19)} Bf6 {(00:57)} 31. Kg2 {(00:27)}
Bxh4 {(02:23)} 32. Nxh4 {(00:11)} Nxe4 {(00:59)} 33. Nf3 {
(02:59)} Ng5 {(01:26)} 34. Be2 {(01:09)} Qd8 {(01:
46)} 35. Kh2 {(00:18)} Nxf3+ {(01:04)} 36. Bxf3 {(02:33)}
Rd2 {(00:09)} 37. Rd3 {(03:41)} Rxc2 {(00:44)} 38. Rxd8 {
(00:05)} Bxf3 {(00:08)} 39. Rd7 {(00:36)} Kg7 {(00:
43)} 40. Rxc7 {(00:00)} h5 {(00:00)} 41. c4 {(01:33)} Rc1
{(00:28)} 42. g4 {(00:18)} h4 {(00:02)} 0-1